AoeStats
← Pave

Arabia

507327286Analyzed
1v1 RM · 14d ago on Sep 17, 2026· 65m 13s· 2 players
Game mode
Random Map
Map size
Tiny (2 player)
Population
200
Speed
Normal
Resources
Standard
Victory
Conquest
Starting age
Dark Age
Ending age
Imperial Age
RankedLock teamsTeams togetherTeam positionsShared explorationLock speedFull tech treeHidden civsTurbo modeCheats
Victory
Defeat
🇨🇦 Turks · Canada
1142
+15
🇸🇪 Britons · Sweden
1115
-15
elpatito
6:09 Loom
9:08 Feudal Age
9:57 Double-Bit Axe
14:21 Wheelbarrow
18:43 Scale Barding Armor
21:00 Castle Age
19:25 Horse Collar
20:02 Fletching
20:49 Padded Archer Armor
21:33 Bloodlines
23:17 Bow Saw
28:55 Leather Archer Armor
28:38 Bodkin Arrow
29:04 Chain Barding Armor
29:05 Husbandry
31:08 Forging
35:04 Stone Mining
35:04 Gold Mining
36:28 Hand Cart
35:59 Town Watch
42:21 Imperial Age
42:29 Heavy Plow
43:47 Plate Barding Armor
50:29 Gold Shaft Mining
54:45 Two-Man Saw
54:20 Squires
56:17 Elite Janissary
58:26 Iron Casting
58:22 Ring Archer Armor
57:27 Heavy Camel Rider
Pave
7:19 Loom
10:04 Feudal Age
10:29 Double-Bit Axe
14:43 Horse Collar
19:03 Fletching
22:37 Wheelbarrow
23:29 Town Watch
26:11 Castle Age
24:48 Padded Archer Armor
24:39 Gold Mining
25:16 Scale Barding Armor
26:51 Scale Mail Armor
27:10 Husbandry
27:42 Bow Saw
28:01 Crossbowman
29:06 Bodkin Arrow
31:33 Forging
35:56 Chain Barding Armor
35:43 Treadmill Crane
37:04 Hand Cart
40:18 Ballistics
46:48 Heavy Plow
51:17 Imperial Age
50:02 Iron Casting
49:26 Murder Holes
51:25 Masonry
51:25 Cavalier
55:27 Plate Barding Armor
54:23 Light Cavalry
55:23 Stone Mining
56:29 Conscription
56:28 Arbalester
57:15 Bracer
58:51 Gold Shaft Mining
60:56 Two-Man Saw
60:20 Elite Skirmisher
61:37 Yeomen
62:43 Squires
62:10 Pikeman
62:37 Arson
Connection lost

Rejoining the realm…

Still unreachable

The connection could not be restored.

Session expired

The server has moved on; the page needs a fresh start.